 Dungeon Crawl Stone Soup version 0.29-a0-551-gffc1d7fb78 (webtiles) character file.

Game seed: 7452858155301790881

(classic levelgen) 264283 ohad the Warrior (level 20, -16/132 HPs)
             Began as a Gargoyle Earth Elementalist on July 12, 2019.
             Was an Initiate of Gozag.
             Blown up by a great orb of eyes (27 damage)
             ... with a mindburst bolt
             ... on level 1 of the Vaults on June 5, 2022.
             The game lasted 04:09:15 (60784 turns).

ohad the Warrior (Gargoyle Earth Elementalist)     Turns: 60784, Time: 04:09:15

Health: -16/132    AC: 40    Str: 16      XL:     20   Next: 4%
Magic:  47/47      EV: 13    Int: 27 (28) God:    Gozag
Gold:   2684       SH: 13    Dex: 10      Spells: 10/47 levels left

rFire   + . .      SeeInvis +   w - +5 morningstar (holy)
rCold   . . .      Faith    .   e - +0 kite shield
rNeg    + + .      Spirit   .   B - +5 ring mail of the Evil One {rF+ Int+4}
rPois   ∞          Reflect  .   x - +1 helmet {SInv}
rElec   +          Harm     .   R - scarf {repulsion}
rCorr   .          Rampage  .   F - +1 pair of gloves {Str+3}
Will    +....                   z - +2 pair of boots
Stlth   +.........              A - amulet of the acrobat
HPRegen 0.32/turn               q - +5 ring of protection
MPRegen 0.30/turn               H - ring of Dicvito {+Blink rPois rN+ MP+9}

@: flying, repel missiles
A: sickness immunity, AC +15, big wings, negative energy resistance 1,
electricity resistance, torment resistance 1, petrification resistance,
deterioration 1
}: 2/15 runes: decaying, gossamer
a: Renounce Religion, Evoke Blink, Potion Petition, Call Merchant, Bribe Branch


You were on level 1 of the Vaults.
You worshipped Gozag.
Gozag was most pleased with you.
You visited 7 branches of the dungeon, and saw 33 of its levels.
You also visited: Ossuary and Ice Cave.

You collected 15453 gold pieces.
You spent 7189 gold pieces at shops.
You paid 5580 gold pieces to Gozag.

Inventory:

Hand Weapons
 a - a +4 dagger of electrocution
 t - a +1 whip of venom
 w - a +5 morningstar of holy wrath (weapon)
 y - a +2 whip of electrocution
 C - the +5 long sword "Masuit" {venom, *Noise Will++}
   (You found it on level 3 of the Spider Nest)

   It poisons the flesh of those it strikes.
   *Noise:    It may make noises in combat.
   Will:      It greatly increases your willpower.
 Z - the +5 dire flail of Poom {flame, +Inv Will+ Stlth+}
   (You found it on level 4 of the Spider Nest)

   It burns those it strikes, dealing additional fire damage.
   +Inv:      It lets you turn invisible.
   Will:      It increases your willpower.
   Stlth:     It makes you more stealthy.
Missiles
 b - 553 stones (quivered)
 I - 2 throwing nets
Armour
 c - the +0 chain mail of Ceodamir {rF+++ Str+4 Stlth-}
   (You found it on level 3 of the Swamp)

   Str:       It affects your strength (+4).
   rF:        It renders you almost immune to fire.
   Stlth:     It makes you less stealthy.
 e - a +0 kite shield (worn)
 o - the quicksilver dragon scales of Emoboyt {rN++ Will+}
   (You bought it in a shop on level 3 of the Swamp)

   rN:        It greatly protects you from negative energy.
   Will:      It increases your willpower.
 x - a +1 helmet of see invisible (worn)
 z - a +2 pair of boots (worn)
 B - the +5 ring mail of the Evil One (worn) {rF+ Int+4}
   (You bought it in a shop on level 2 of the Orcish Mines)

   Int:       It affects your intelligence (+4).
   rF:        It protects you from fire.
 F - a +1 pair of gloves of strength (worn)
 R - a scarf of repulsion (worn)
Magical Staves
 s - a staff of removedness
 X - a staff of earth
Jewellery
 g - a ring of willpower
 q - a +5 ring of protection (left hand)
 A - an amulet of the acrobat (around neck)
 H - the ring of Dicvito (right hand) {+Blink rPois rN+ MP+9}
   (You found it on level 12 of the Dungeon)

   [ring of positive energy]

   rPois:     It protects you from poison.
   rN:        It protects you from negative energy.
   MP:        It affects your magic capacity (+9).
   +Blink:    It lets you blink.
 K - a ring of resist corrosion
 O - a ring of protection from cold
Wands
 f - a wand of digging (14)
 J - a wand of acid (4)
 T - a wand of iceblast (31)
 U - a wand of mindburst (14)
 V - a wand of charming (5)
Scrolls
 h - 8 scrolls of teleportation
 i - 6 scrolls of magic mapping
 k - 14 scrolls of removedness
 l - 3 scrolls of blinking
 p - 3 scrolls of identify
 v - 4 scrolls of fog
 L - 5 scrolls of fear
 P - 3 scrolls of immolation
 Q - 2 scrolls of holy word
 S - 6 scrolls of amnesia
Potions
 j - 2 potions of berserk rage
 m - 2 potions of magic
 n - 9 potions of heal wounds
 r - 6 potions of brilliance
 u - 22 potions of curing
 D - 2 potions of attraction
 E - 5 potions of might
 M - 6 potions of cancellation
 N - 6 potions of haste
 W - 3 potions of resistance
Miscellaneous
 G - a removed sack of spiders
 Y - a phial of floods
Comestibles
 d - 21 removed foods


   Skills:
 + Level 16.4 Fighting
 - Level 3.0 Short Blades
 + Level 13.0 Maces & Flails
 - Level 10.0 Armour
 - Level 10.0 Dodging
 - Level 2.1 Stealth
 - Level 15.6 Shields
 - Level 14.4 Spellcasting
 - Level 10.0 Conjurations
 * Level 1.6 Summonings
 - Level 2.0 Necromancy
 - Level 2.1 Translocations
 - Level 2.0 Transmutations
 * Level 1.8 Air Magic
 - Level 13.2 Earth Magic
 - Level 5.0 Poison Magic
 - Level 4.0 Evocations


You had 10 spell levels left.
You knew the following spells:

 Your Spells              Type           Power      Damage    Failure   Level
a - Sandblast             Erth           100%       2d20      1%          1
b - Passwall              Tmut/Erth      47%        N/A       1%          2
c - Lee's Rapid Deconstr  Erth           37%        3d19*     1%          5
d - Stone Arrow           Conj/Erth      100%       3d13      1%          3
e - Blink                 Tloc           60%        N/A       4%          2
f - Mephitic Cloud        Conj/Pois/Air  49%        N/A       2%          3
g - Petrify               Tmut/Erth      57%        N/A       3%          4
i - Olgreb's Toxic Radia  Pois           46%        N/A       10%         4
k - Iron Shot             Conj/Erth      35%        9d7       11%         6
l - Summon Lightning Spi  Summ/Air       28%        N/A       36%         4
z - Confusing Touch       Hex            19%        N/A       24%         3

Your spell library contained the following spells:

 Spells                   Type           Power      Damage    Failure   Level
 Magic Dart               Conj           100%       1d8       1%          1
 Sting                    Tmut/Pois      100%       1d8       1%          1
 Animate Skeleton         Necr           60%        N/A       3%          1
 Apportation              Tloc           60%        N/A       3%          1
 Beastly Appendage        Tmut           60%        N/A       3%          1
 Poisonous Vapours        Pois/Air       76%        N/A       3%          2
 Conjure Flame            Conj/Fire      46%        6-21      3%          3
 Summon Small Mammal      Summ           100%       N/A       4%          1
 Wereblood                Tmut           30%        N/A       4%          2
 Spider Form              Tmut/Pois      38%        N/A       5%          3
 Leda's Liquefaction      Hex/Erth       26%        N/A       5%          4
 Call Imp                 Summ           28%        N/A       6%          2
 Slow                     Hex            76%        N/A       8%          1
 Bolt of Magma            Conj/Fire/Erth 28%        4d13      9%          5
 Call Canine Familiar     Summ           28%        N/A       12%         3
 Summon Guardian Golem    Hex/Summ       23%        N/A       17%         3
 Ice Form                 Ice/Tmut       25%        N/A       45%         4
 Summon Ice Beast         Ice/Summ       23%        N/A       50%         4
 Blade Hands              Tmut           15%        N/A       67%         5
 Haunt                    Necr/Summ      14%        N/A       100%        7
 Borgnjor's Revivificati  Necr           15%        N/A       100%        8
 Infestation              Necr           15%        N/A       100%        8
 Necromutation            Tmut/Necr      15%        N/A       100%        8
 Death's Door             Necr           15%        N/A       100%        9


Dungeon Overview and Level Annotations

Branches:
Dungeon (15/15)            Temple (1/1) D:5            Lair (6/6) D:11
  Swamp (4/4) Lair:3       Spider (4/4) Lair:4        Slime (0/5) Lair:6
    Orc (2/2) D:10            Elf (0/3) Orc:2        Vaults (1/5) D:14
 Depths (0/5) D:15

Altars:
Ashenzari
Cheibriados
Dithmenos
Elyvilon
Gozag
Qazlal
Ru
Vehumet
Xom
Zin
Beogh

Shops:
D:6 (   Orc:2 ([[=(*=   Lair:1 :   Swamp:3 [   Vaults:1 !

Annotations:
D:8 exclusion: statue
D:12 2 transporters, KristoblXynda's ghost, journeyman DrGl
Swamp:1 2 transporters


Innate Abilities, Weirdness & Mutations

You are immune to sickness and miasma.
Your stone body is resilient. (AC +15)
You are immune to poison.
Your large and strong wings let you fly.
You resist negative energy. (rN+)
You are resistant to electric shocks. (rElec)
You are resistant to unholy torment.
You are immune to petrification.
Your body sometimes deteriorates upon taking damage.


Message History

Unknown command.
You feel much better. The wolf spider hits you.
* * * LOW HITPOINT WARNING * * *
The wolf spider closely misses you.
The great orb of eyes closely misses you.
You closely miss the wolf spider.
The wolf spider is heavily wounded.
The wolf spider hits you but does no damage.
The wolf spider closely misses you.
The great orb of eyes barely misses you.
You block the wolf spider's attack. The wolf spider misses you.
You closely miss the wolf spider.
The wolf spider is heavily wounded.
The great orb of eyes bites you but does no damage.
The wolf spider hits you.
* * * LOW HITPOINT WARNING * * *
The wolf spider misses you.
You thump the wolf spider!
The wolf spider is severely wounded.
The wolf spider hits you but does no damage.
The wolf spider completely misses you.
The great orb of eyes barely misses you.
The wolf spider hits you!!
* * * LOW HITPOINT WARNING * * *
The wolf spider barely misses you.
Unknown command.
You feel much better.
The great orb of eyes closely misses you.
The wolf spider hits you!
* * * LOW HITPOINT WARNING * * *
You block the wolf spider's attack.
Blink to where?
Press: ? - help, Dir - move target
As you read the scroll of blinking, it crumbles to dust.
As you read the scroll of fear, it crumbles to dust.
You assume a fearsome visage.
The wolf spider looks frightened!
The great orb of eyes resists with almost no effort.
The great orb of eyes gazes at you.
Your mind is blasted!
You die...

#..#. #...#...##.###.###.##
#..#.# #.#.#.#.#...#...#...#
#..#...#...#..))...#...#...#
+..###'#.#.###(####.###.####
#..#........)[)# ##.###.##
#+##.#>#.#.#.#.# #...#...#
'...........# #...#...#
#+###.#.#'########.####
#...#...#@# ##.##
#.#.#.#.#.###...#
#...#...#..##...#
#########'###..#######
#..'..(....#..s.......
#..#.......#.G........
#..#.......#.$.#########
#..#.......#...# .....
#..#.......#...###...#


You could see a great orb of eyes (strong) and a wolf spider (strong, fleeing).

Vanquished Creatures
  Arachne (Spider:2)
  Rupert (D:14)
  A tentacled monstrosity (Swamp:3)
  Jorgrun (Swamp:3)
  4 thorn hunters
  Kirke (Spider:2)
  Frances (D:14)
  Agnes (Spider:3)
  2 orc warlords
  Roxanne (Spider:2)
  2 ghost moths (Spider:4)
  4 emperor scorpions
  2 ghouls (D:13)
  An ironbound preserver (Vaults:1)
  Aizul (Swamp:1)
  8 entropy weavers
  Azrael (Spider:2)
  3 spark wasps (Spider:4)
  3 fire dragons
  Erolcha (Orc:1)
  2 rakshasas (D:15)
  26 hydras
  Harold (D:6)
  2 ice dragons (IceCv)
  A ghost crab (Swamp:3)
  4 ogre magi
  5 centaur warriors
  16 two-headed ogres
  3 shambling mangroves
  A removed queen ant (Spider:1)
  6 alligators
  7 death yaks
  A spriggan berserker (Swamp:4)
  2 tengu warriors
  4 orc high priests
  A deep elf knight (Swamp:2)
  A fire crab (Lair:4)
  3 skeletal warriors (Vaults:1)
  An unseen horror (shapeshifter) (D:15)
  6 spriggan druids
  3 unseen horrors
  Pikel (D:6)
  8 swamp dragons
  A harpy (shapeshifter) (D:15)
  3 deep elf pyromancers
  An ironbound convoker (Vaults:1)
  25 ugly things
  4 orc sorcerers
  4 orc knights
  45 wolf spiders
  A cyclops (shapeshifter) (Vaults:1)
  21 orb spiders
  7 cyclopes
  A manticore (D:11)
  5 centaur zombies
  6 moths of wrath
  A vault sentinel (Vaults:1)
  A guardian serpent (Lair:5)
  2 ice statues (IceCv)
  13 elephants
  12 black mambas
  2 gargoyles
  3 torpor snails
  22 cane toads
  2 centaur skeletons
  A kobold demonologist (D:15)
  5 rime drakes
  An efreet (D:15)
  A rime drake (shapeshifter) (Vaults:1)
  4 yaktaurs
  16 demonic crawlers
  11 komodo dragons
  3 guardian mummies (D:13)
  3 meliai (Spider:3)
  3 trolls
  A polar bear (Lair:5)
  A jumping spider (shapeshifter) (D:15)
  37 jumping spiders
  9 tyrant leeches
  30 hornets
  9 dream sheep
  Prince Ribbit (D:8)
  18 bog bodies
  8 blink frogs (Lair:5)
  13 removed hippogriffs
  79 redbacks
  25 slime creatures
  13 spriggans
  A tarantella (shapeshifter) (D:15)
  36 tarantellas
  3 shadows
  9 wyverns
  29 yaks
  4 wraiths
  8 hogs
  7 basilisks
  A human (D:9)
  Menkaure (D:6)
  A steam dragon (Lair:6)
  3 removed hungry ghosts
  5 fire elementals (Spider:2)
  34 vampire mosquitoes
  3 removed soldier ants (Spider:1)
  14 insubstantial wisps
  19 swamp worms
  5 wargs
  3 acid dragons (Lair:6)
  7 removed porcupines
  21 water moccasins
  Duvessa (D:6)
  2 hell hounds (Spider:2)
  31 orc warriors
  14 swamp drakes
  4 removed slaves (D:6)
  20 ogres
  A necrophage (D:2)
  5 sky beasts
  23 ice beasts
  3 phantoms
  2 removed eyes of draining
  8 centaurs
  3 boggarts (D:15)
  6 wolves
  23 removed crocodiles
  2 elf zombies (Ossuary)
  12 bullfrogs
  A kobold brigand (D:11)
  2 water moccasin zombies
  3 wyvern zombies
  Dowan (D:6)
  5 scorpions
  14 killer bees
  12 wights
  9 howler monkeys
  7 crimson imps
  3 electric eels
  2 bullfrog zombies
  A quasit (D:11)
  10 hounds
  10 human zombies (Ossuary)
  2 jellies
  2 gnoll shamans
  24 orc priests
  2 bullfrog skeletons
  10 iguanas
  37 orc wizards
  30 removed worker ants
  A killer bee zombie (D:6)
  3 mummies (Ossuary)
  A howler monkey zombie (D:9)
  2 removed worker ant zombies
  10 gnolls
  21 adders
  2 shadow imps
  2 endoplasms
  An adder skeleton (D:4)
  4 worms
  A dart slug (D:1)
  73 orcs
  9 removed leopard geckos
  7 giant cockroaches
  4 goblins
  8 hobgoblins
  17 jackals
  9 kobolds
  3 quokkas
  2 ball pythons
  11 bats
  3 frilled lizards
  2 quokka skeletons
  A quokka zombie (D:6)
  3 rats
  A rat zombie (D:6)
  A removed leopard gecko zombie (D:5)
1382 creatures vanquished.

Vanquished Creatures (collateral kills)
  A wolf spider (Spider:4)
  A swamp drake (Swamp:4)
2 creatures vanquished.

Vanquished Creatures (others)
  A wolf spider (Spider:2)
  A hornet (Swamp:2)
  A swamp worm (Swamp:3)
  A swamp drake (Swamp:3)
  An orc wizard (D:9)
  A quokka (D:10)
  6 briar patches (Swamp:4)
  A bush (Lair:6)
  33 fungi
  37 plants
  A withered plant (D:13)
84 creatures vanquished.

Grand Total: 1468 creatures vanquished

Notes
Turn   | Place    | Note
-------+----------+-------------------------------------------
     0 | D:1      | ohad the Gargoyle Earth Elementalist began the quest for
                  | the Orb.
     0 | D:1      | Reached XP level 1. HP: 10/10 MP: 3/3
   159 | D:1      | Reached XP level 2. HP: 16/16 MP: 1/5
   388 | D:1      | Reached skill level 1 in Fighting
   517 | D:1      | Learned a level 2 spell: Passwall
  1133 | D:2      | Reached XP level 3. HP: 20/20 MP: 4/6
  1191 | D:2      | Reached skill level 5 in Earth Magic
  1280 | D:2      | Reached skill level 2 in Fighting
  1280 | D:2      | Reached XP level 4. HP: 25/26 MP: 3/7
  1396 | D:2      | Noticed a necrophage
  1414 | D:2      | Killed a necrophage
  1414 | D:2      | Reached skill level 3 in Fighting
  1414 | D:2      | Reached XP level 5. HP: 32/32 MP: 2/9
  1505 | D:2      | Learned a level 5 spell: Lee's Rapid Deconstruction
  2361 | D:3      | Found a faded altar of an unknown god.
  2847 | D:4      | Reached XP level 6. HP: 37/37 MP: 9/11
  2860 | D:4      | Learned a level 3 spell: Stone Arrow
  2973 | D:4      | Noticed a phantom
  2981 | D:4      | Killed a phantom
  3345 | D:4      | Reached XP level 7. HP: 42/42 MP: 8/13
  3551 | D:5      | Entered Level 5 of the Dungeon
  3614 | D:5      | Found a sacrificial altar of Ru.
  3617 | D:5      | Found a shattered altar of Ashenzari.
  3629 | D:5      | Reached skill level 4 in Fighting
  3807 | D:5      | Reached skill level 5 in Spellcasting
  3936 | D:5      | Got a pitted whip
  3937 | D:5      | Identified the cursed +0 whip of Death's Door {slash,
                  | *Noise Int+2 Dex+4} (You found it on level 5 of the
                  | Dungeon)
  4054 | D:5      | Found a staircase to the Ecumenical Temple.
  4063 | Temple   | Entered the Ecumenical Temple
  4071 | Temple   | Became a worshipper of Gozag Ym Sagoz the Greedy
  4228 | D:5      | Reached XP level 8. HP: 34/48 MP: 6/15
  4815 | D:6      | Noticed Pikel
  4941 | D:6      | Killed Pikel
  4941 | D:6      | Reached skill level 5 in Fighting
  4979 | D:6      | Noticed Menkaure
  4982 | D:6      | Killed Menkaure
  4982 | D:6      | Reached skill level 10 in Earth Magic
  5020 | D:6      | Reached XP level 9. HP: 49/54 MP: 9/17
  5037 | D:6      | Found Ymohah's Antique Weapon Shop.
  5073 | D:6      | Found a sand-covered staircase.
  5099 | Ossuary  | Entered an ossuary
  5143 | Ossuary  | Learned a level 2 spell: Blink
  5147 | Ossuary  | Learned a level 3 spell: Mephitic Cloud
  5262 | Ossuary  | Reached skill level 1 in Poison Magic
  5267 | Ossuary  | Reached skill level 1 in Translocations
  5278 | Ossuary  | Reached skill level 1 in Air Magic
  5358 | Ossuary  | Learned a level 4 spell: Petrify
  5383 | Ossuary  | Reached skill level 1 in Transmutations
  5559 | D:6      | Noticed Dowan
  5560 | D:6      | Noticed Duvessa
  5562 | D:6      | Killed Duvessa
  5562 | D:6      | Killed Dowan
  5681 | D:6      | Found a shimmering altar of Xom.
  5862 | D:7      | Noticed Harold
  5885 | D:6      | Killed Harold
  5885 | D:6      | Reached skill level 6 in Fighting
  6121 | D:7      | Reached skill level 1 in Conjurations
  6173 | D:7      | Reached XP level 10. HP: 61/61 MP: 19/21
  6570 | D:8      | Noticed Prince Ribbit
  6594 | D:8      | Killed Prince Ribbit
  6598 | D:7      | Reached skill level 7 in Fighting
  6864 | D:8      | Found a snail-covered altar of Cheibriados.
  6966 | D:8      | Found a radiant altar of Vehumet.
  7368 | D:9      | Reached skill level 1 in Short Blades
  7610 | D:9      | Reached skill level 1 in Evocations
  7866 | D:9      | Reached skill level 1 in Armour
  8074 | D:9      | Reached skill level 8 in Fighting
  8338 | D:10     | Entered Level 10 of the Dungeon
  8495 | D:10     | Reached XP level 11. HP: 44/69 MP: 15/22
  8495 | D:10     | Reached skill level 5 in Dodging
  9085 | D:10     | Noticed a two-headed ogre
  9094 | D:10     | Reached skill level 9 in Fighting
  9107 | D:10     | Killed a two-headed ogre
  9404 | D:10     | Found a white marble altar of Elyvilon.
  9436 | D:10     | Noticed a two-headed ogre
  9440 | D:10     | Killed a two-headed ogre
  9858 | D:10     | Learned a level 7 spell: Regeneration
  9924 | D:10     | Found a staircase to the Orcish Mines.
 10530 | D:11     | Reached skill level 1 in Charms
 10604 | D:11     | Reached skill level 1 in Necromancy
 10954 | D:11     | Noticed a manticore
 10960 | D:11     | Killed a manticore
 11160 | D:11     | Found a staircase to the Lair.
 11160 | D:11     | Noticed a two-headed ogre
 11336 | D:11     | Killed a two-headed ogre
 11336 | D:11     | Reached XP level 12. HP: 37/76 MP: 2/25
 11929 | Lair:1   | Entered Level 1 of the Lair of Beasts
 11983 | Lair:1   | Found a frozen archway.
 12004 | Lair:1   | Reached skill level 1 in Shields
 12085 | IceCv    | Entered an ice cave
 12860 | IceCv    | Reached skill level 5 in Shields
 13088 | IceCv    | Noticed an ice dragon
 13091 | IceCv    | Noticed an ice dragon
 13104 | IceCv    | Killed an ice dragon
 13314 | IceCv    | Got a pitted brass ring
 13341 | IceCv    | Killed an ice dragon
 13733 | Lair:1   | Identified the ring "Umyedgh" {+Fly rPois} (You found it in
                  | an ice cave)
 13906 | Lair:1   | Noticed a six-headed hydra
 13911 | Lair:1   | Killed a six-headed hydra
 14490 | Lair:1   | Noticed a seven-headed hydra
 14497 | Lair:1   | Killed a seven-headed hydra
 14813 | Lair:2   | Reached skill level 10 in Shields
 14813 | Lair:2   | Reached XP level 13. HP: 80/80 MP: 24/26
 16897 | Lair:3   | Found a staircase to the Swamp.
 17474 | Lair:4   | Found a hole to the Spider Nest.
 17985 | Lair:4   | HP: 4/80 [fire crab] (11)]
 19699 | Lair:5   | Gained mutation: Your large and strong wings let you fly.
                  | [Gargoyle growth]
 19699 | Lair:5   | Reached XP level 14. HP: 66/86 MP: 20/27
 20071 | Lair:5   | Reached skill level 15 in Shields
 20377 | Lair:6   | Entered Level 6 of the Lair of Beasts
 21407 | Lair:6   | Found a staircase to the Slime Pits.
 21442 | Lair:5   | Reached skill level 5 in Conjurations
 21765 | Lair:5   | Reached skill level 10 in Fighting
 21776 | Lair:6   | Reached skill level 5 in Armour
 22905 | Lair:6   | Identified a scroll of acquirement
 23725 | Lair:6   | Reached skill level 10 in Spellcasting
 24673 | Lair:5   | Reached skill level 11 in Fighting
 24673 | Lair:5   | Reached XP level 15. HP: 73/94 MP: 17/29
 25218 | Orc:1    | Entered Level 1 of the Orcish Mines
 25357 | Orc:1    | Learned a level 4 spell: Olgreb's Toxic Radiance
 25360 | Orc:1    | Noticed Erolcha
 25360 | Orc:1    | Paralysed by Erolcha for 3 turns
 25365 | Orc:1    | Noticed an orc warlord
 25371 | Orc:1    | Killed Erolcha
 25700 | Orc:1    | Killed an orc warlord
 25700 | Orc:1    | Reached skill level 1 in Maces & Flails
 26298 | Orc:2    | Entered Level 2 of the Orcish Mines
 26847 | Orc:2    | Noticed an orc warlord
 28341 | Orc:2    | Killed an orc warlord
 29218 | Orc:2    | Found a roughly hewn altar of Beogh.
 29231 | Orc:2    | Paralysed by an orc sorcerer for 4 turns
 29537 | Orc:2    | Found a staircase to the Elven Halls.
 30289 | Orc:2    | Found Hogomn's General Store.
 30292 | Orc:2    | Found Wuiffal's Jewellery Shop.
 30306 | Orc:2    | Found Uqofatuf's Antique Armour Boutique.
 30306 | Orc:2    | Found Leiwuot's Antique Weapon Boutique.
 30427 | Orc:2    | Bought a glowing helmet for 202 gold pieces
 30442 | Orc:2    | Bought a spiked ring mail for 243 gold pieces
 30454 | Orc:2    | Identified the +1 ring mail "Puptucsiy" {rN+ Regen+} (You
                  | bought it in a shop on level 2 of the Orcish Mines)
 30462 | Orc:2    | Bought a jasper-encrusted ring mail for 243 gold pieces
 30467 | Orc:2    | Identified the +5 ring mail of the Evil One {rF+ Int+4}
                  | (You bought it in a shop on level 2 of the Orcish Mines)
 30467 | Orc:2    | Bought a pair of runed gloves for 202 gold pieces
 30505 | Orc:2    | Bought a +5 morningstar of holy wrath for 615 gold pieces
 30507 | Orc:2    | Upgraded the game from 0.24-a0-493-g7e4ddcd485 to
                  | 0.24-a0-497-g5a03d68f59
 30693 | D:12     | Got a fine marble ring
 30707 | D:11     | Identified the ring of Dicvito {+Blink rPois rN+ MP+9} (You
                  | found it on level 12 of the Dungeon)
 30880 | D:12     | Found a transporter.
 30882 | D:12     | Noticed KristoblXynda's ghost (journeyman DrGl)
 30898 | D:12     | Found a transporter.
 31663 | D:12     | Found a stormy altar of Qazlal.
 31847 | D:13     | Learned a level 3 spell: Confusing Touch
 31933 | D:13     | Noticed a ghoul
 31975 | D:13     | Killed a ghoul
 32427 | D:13     | Noticed a ghoul
 32955 | D:13     | Learned a level 5 spell: Venom Bolt
 33408 | D:13     | Killed a ghoul
 34630 | D:13     | Reached XP level 16. HP: 91/101 MP: 28/31
 34842 | D:14     | Noticed Frances
 34869 | D:14     | Killed Frances
 35110 | D:14     | Noticed Rupert
 35323 | D:12     | Reached skill level 12 in Fighting
 35936 | D:14     | Found a gate to the Vaults.
 36112 | D:14     | Paralysed by Rupert for 4 turns
 36123 | D:14     | Killed Rupert
 36788 | D:15     | Entered Level 15 of the Dungeon
 38349 | D:15     | Gained mutation: Your body sometimes deteriorates upon
                  | taking damage. [a neqoxec]
 38662 | D:15     | Found a staircase to the Depths.
 39102 | Swamp:1  | Entered Level 1 of the Swamp
 39838 | Swamp:1  | Found a transporter.
 39838 | Swamp:1  | Found a transporter.
 40225 | Swamp:1  | Reached skill level 13 in Fighting
 40321 | Swamp:1  | Reached XP level 17. HP: 107/108 MP: 34/34
 40371 | Swamp:1  | Got a warped falchion
 40374 | Swamp:1  | Identified the +10 falchion of Gyshauwi {slice, rElec rC-
                  | Stlth+} (You found it on level 1 of the Swamp)
 40462 | Swamp:1  | Noticed Aizul
 40495 | Swamp:1  | Killed Aizul
 42697 | Swamp:1  | Reached skill level 5 in Poison Magic
 44418 | Swamp:3  | Noticed a tentacled monstrosity
 44438 | Swamp:3  | Killed a tentacled monstrosity
 45019 | Swamp:3  | Noticed Jorgrun
 45028 | Swamp:3  | Killed Jorgrun
 45690 | Swamp:3  | Identified the cursed +0 chain mail of Ceodamir {rF+++
                  | Str+4 Stlth-} (You found it on level 3 of the Swamp)
 45977 | Swamp:4  | Entered Level 4 of the Swamp
 46689 | Swamp:3  | Reached skill level 10 in Conjurations
 47951 | Swamp:3  | Reached XP level 18. HP: 68/116 MP: 36/36
 48116 | Swamp:3  | Bought transparent quicksilver dragon scales for 1495 gold
                  | pieces
 48116 | Swamp:3  | Identified the cursed quicksilver dragon scales of Emoboyt
                  | {rN++ MR+} (You bought it in a shop on level 3 of the
                  | Swamp)
 48146 | Swamp:3  | Bought a spiked chain mail for 218 gold pieces
 48146 | Swamp:3  | Bought a crude chain mail for 218 gold pieces
 48146 | Swamp:3  | Identified the +7 chain mail of the Forest {rPois rF++
                  | Slay-5 SInv} (You bought it in a shop on level 3 of the
                  | Swamp)
 48151 | Swamp:3  | Identified the +8 chain mail of Defiance {-Cast +Inv Int+5
                  | Slay-2} (You bought it in a shop on level 3 of the Swamp)
 49519 | Swamp:4  | Reached skill level 14 in Fighting
 50265 | Swamp:4  | Got a decaying rune of Zot
 50540 | Spider:1 | Entered Level 1 of the Spider Nest
 52322 | Spider:2 | Noticed Arachne
 52352 | Spider:2 | Killed Arachne
 52352 | Spider:2 | Reached skill level 10 in Armour
 52495 | Spider:2 | Reached skill level 5 in Maces & Flails
 52498 | Spider:2 | Reached skill level 10 in Dodging
 52871 | Spider:2 | Noticed Azrael
 54513 | Spider:2 | Identified Roxanne's Tome of Transformation
 54513 | Spider:2 | Noticed Roxanne
 54517 | Spider:2 | Killed Roxanne
 54649 | Spider:2 | Noticed Kirke
 54694 | Spider:2 | Killed Kirke
 55289 | Spider:2 | Killed Azrael
 55418 | Spider:2 | Upgraded the game from 0.24-a0-497-g5a03d68f59 to
                  | 0.24-a0-499-g1074bba3cf
 55625 | Spider:3 | Reached XP level 19. HP: 121/122 MP: 29/37
 56323 | Spider:3 | Noticed Agnes
 56329 | Spider:3 | Killed Agnes
 56470 | Spider:3 | Reached skill level 15 in Fighting
 56496 | Spider:3 | Identified the +5 long sword "Masuit" {venom, *Noise MR++}
                  | (You found it on level 3 of the Spider Nest)
 56678 | Spider:4 | Entered Level 4 of the Spider Nest
 56696 | Spider:4 | Reached skill level 10 in Maces & Flails
 57253 | Spider:4 | Identified the +5 dire flail of Poom {flame, +Inv MR+
                  | Stlth+} (You found it on level 4 of the Spider Nest)
 59827 | Spider:4 | Got a gossamer rune of Zot
 60015 | Lair:1   | Bought a ration for 70 gold pieces
 60015 | Lair:1   | Bought a ration for 70 gold pieces
 60015 | Lair:1   | Bought a ration for 70 gold pieces
 60015 | Lair:1   | Bought a ration for 70 gold pieces
 60015 | Lair:1   | Bought a ration for 70 gold pieces
 60015 | Lair:1   | Bought a ration for 70 gold pieces
 60015 | Lair:1   | Bought a ration for 70 gold pieces
 60015 | Lair:1   | Bought a ration for 70 gold pieces
 60015 | Lair:1   | Bought a ration for 70 gold pieces
 60015 | Lair:1   | Bought a ration for 70 gold pieces
 60015 | Lair:1   | Bought a ration for 70 gold pieces
 60015 | Lair:1   | Bought a ration for 70 gold pieces
 60015 | Lair:1   | Bought a ration for 70 gold pieces
 60015 | Lair:1   | Bought a ration for 70 gold pieces
 60018 | Lair:1   | Bought a Necronomicon for 1324 gold pieces
 60018 | Lair:1   | Bought the Reference Book on Stones for 624 gold pieces
 60018 | Lair:1   | Bought a book of Callings for 360 gold pieces
 60025 | Lair:1   | Learned a level 6 spell: Iron Shot
 60030 | Lair:1   | Learned a level 4 spell: Summon Lightning Spire
 60158 | Vaults:1 | Entered Level 1 of the Vaults
 60158 | Vaults:1 | Found Jimeussixoo's Distillery.
 60163 | Vaults:1 | Bought a potion of magic for 120 gold pieces
 60163 | Vaults:1 | Bought a potion of heal wounds for 75 gold pieces
 60163 | Vaults:1 | Bought 2 potions of might for 120 gold pieces
 60163 | Vaults:1 | Bought a potion of haste for 150 gold pieces
 60481 | Vaults:1 | Reached skill level 1 in Summonings
 60530 | Vaults:1 | Reached XP level 20. HP: 131/131 MP: 13/38
 60643 | Vaults:1 | Upgraded the game from 0.24-a0-499-g1074bba3cf to
                  | 0.24-a0-504-gcfb02b9d07
 60643 | Vaults:1 | Reached skill level 16 in Fighting
 60643 | Vaults:1 | Upgraded the game from 0.24-a0-504-gcfb02b9d07 to
                  | 0.29-a0-551-gffc1d7fb78
 60772 | Vaults:1 | Paralysed by a great orb of eyes for 4 turns
 60781 | Vaults:1 | HP: 2/132 [wolf spider (23)]
 60784 | Vaults:1 | Blown up by a great orb of eyes

Illustrated notes

Levels and vault maps discovered:
D:1:      minmay_arrival_four_loops, layout_basic, serial_forest,
          infiniplex_forest_lined_3, infiniplex_forest_lined_corner,
          infiniplex_forest_lined_corner, infiniplex_forest_corner_2,
          infiniplex_forest_clump_long, infiniplex_forest_end_3,
          infiniplex_forest_clump_long
D:2:      layout_loops_ring, minivault_26, glass_columns_a
D:3:      layout_basic, first_ration, chequers_ecumenical_altar_island
D:4:      layout_basic
D:5:      layout_gridville, grunt_temple_overflow_open,
          minmay_temple_entry_glass, hangedman_decor_clover_reticule
D:6:      layout_basic, enter_ossuary_4, serial_shops, shop,
          kennysheep_another_room, brannock_xom_greatest_gift, uniq_menkaure,
          uniq_duvessa, uniq_pikel
D:7:      layout_basic, uniq_harold
D:8:      layout_cave_pools, cheibriados_altar_1, vehumet_statue,
          uniq_prince_ribbit1
D:9:      layout_long_grid, grunt_livestock
D:10:     layout_layer_cave, orc_0_dummy, grunt_ministairs_8, elyvilon_altar_4
D:11:     layout_rooms, erik_lair_orcish_takeover, minmay_misc_feat_alley
D:12:     layout_cave_pools, gammafunk_ghost_mausoleum,
          nicolae_qazlal_style_of_elements
D:13:     layout_gridville, serial_undead, serial_undead_b, serial_undead_f,
          serial_undead_b, serial_undead_e, serial_undead_d, serial_undead_c,
          bh_walls_and_bars
D:14:     layout_cave_pools, hangedman_vaults_entry_quadrant_bands, bh_chokoban,
          uniq_rupert, uniq_frances
D:15:     gammafunk_enter_depths_forms, layout_irregular_city,
          nrook_mini_backslash, chequers_serial_rivers_large_a, st_stairs_9
Temple:   regret_index_temple_mists
Lair:1:   layout_cave_pods, portal_ice_cave_entry_pillars_1,
          chequers_serial_rivers_micro_b
Lair:2:   layout_cave_pods, grunt_megastairs_4, serial_bayou_shore_a,
          lemuel_fruit_fields, lemuel_fruit_tree, infiniplex_staircase_pool,
          lemuel_fruit_fields
Lair:3:   layout_roguey, palyth_hydra_swamp_entry, columned_hall_lemuel
Lair:4:   layout_cave_pods, nicolae_spider_entry_orb_guardian, st_stairs_4,
          minmay_shattered_shrine, grunt_megastairs_3
Lair:5:   layout_regular_city, st_stairs_12, chequers_serial_rivers_room_b
Lair:6:   guppyfry_lair_end_dragon, layout_misc_corridors,
          hangedman_lair_tendril_chambers, minmay_slime_entry_pillars
Swamp:1:  gammafunk_the_bubble [the_bubble_gammafunk_plus_minus],
          layout_basic_swamp, evilmike_swamp_ruin_house_2, swamp_pool2,
          uniq_aizul
Swamp:2:  cheibrodos_swamp_heart_of_darkness, layout_falls_marsh,
          nicolae_swamp_fairy_circle, swamp_pool1
Swamp:3:  layout_basic_swamp, nicolae_swamp_orc_logging_accident, uniq_jorgrun
Swamp:4:  swamp_basic_johnstein, layout_basic_swamp
Spider:1: layout_chambers, minmay_another_anthill
Spider:2: layout_chambers, uniq_azrael, uniq_arachne, uniq_roxanne, uniq_kirke
Spider:3: nicolae_spider_mines_3, hangedman_spider_tarantella_strand, uniq_agnes
Spider:4: guppyfry_spider_rune
Orc:1:    layout_diamond_mine, uniq_erolcha
Orc:2:    st_orc_congregation, layout_diamond_mine, basic_altar
Vaults:1: ontoclasm_vaults_chip, v_alt_pattern_2, v_misc_33, v_alt_pattern_6,
          nicolae_vaults_little_squares_6, vaults_mumra_chevron_long,
          nicolae_vaults_network_star, ontoclasm_vaults_fault,
          layout_vaults_omnigrid, serial_shops, shop_statue

Skill      XL: |  1  2  3  4  5  6  7  8  9 10 11 12 13 14 15 16 17 18 19 20 |
---------------+-------------------------------------------------------------+-----
Earth Magic    | 4 5 6 7 10 12 13 | 13.2
Fighting       | 1 2 3 4 5 6 8 9 11 13 14 15 16 | 16.4
Spellcasting   | 3 4 5 7 9 10 11 13 14 | 14.4
Poison Magic   | 2 4 5 |  5.0
Translocations | 1 2 |  2.1
Air Magic      | 1 |  1.8
Transmutations | 2 |  2.0
Conjurations   | 1 3 5 6 8 10 | 10.0
Dodging        | 4 6 7 8 10 | 10.0
Short Blades   | 2 3 |  3.0
Evocations     | 2 4 |  4.0
Armour         | 2 4 6 8 10 | 10.0
Charms         | 1 2 3 |  0.0
Necromancy     | 1 2 |  2.0
Shields        | 10 14 15 | 15.6
Maces & Flails | 3 8 12 13 | 13.0
Summonings     | 1 |  1.6
Stealth        | |  2.1

Action                   |  1- 3 |  4- 6 |  7- 9 | 10-12 | 13-15 | 16-18 | 19-21 || total
-------------------------+-------+-------+-------+-------+-------+-------+-------++-------
Melee: Spear             |    50 |    17 |     3 |       |       |       |       ||    70
       Mace              |     3 |       |       |       |       |       |       ||     3
       Dagger            |       |       |    89 |   554 |  1836 |  1347 |       ||  3826
       Whip              |       |       |       |       |   242 |   388 |   292 ||   922
       Morningstar       |       |       |       |       |   152 |   314 |   252 ||   718
       Scimitar          |       |       |       |       |       |   228 |       ||   228
       Falchion          |       |       |       |       |       |    76 |       ||    76
       Staff             |       |       |       |       |       |    46 |       ||    46
       Dire flail        |       |       |       |       |       |       |     7 ||     7
       Long sword        |       |       |       |       |       |       |     2 ||     2
Throw: Dart              |       |       |       |       |     9 |       |       ||     9
 Cast: Sandblast         |    15 |    92 |   113 |   168 |   160 |    90 |     4 ||   642
       Passwall          |       |     1 |       |       |       |       |       ||     1
       Lee's Rapid Decon |       |       |    12 |    36 |    60 |    58 |    25 ||   191
       Blink             |       |       |     1 |     1 |     4 |     7 |     4 ||    17
       Mephitic Cloud    |       |       |     1 |     5 |    13 |       |       ||    19
       Stone Arrow       |       |       |       |    42 |    62 |    58 |    18 ||   180
       Regeneration      |       |       |       |       |    12 |     2 |       ||    14
       Petrify           |       |       |       |       |    36 |   185 |       ||   221
       Olgreb's Toxic Ra |       |       |       |       |    13 |    69 |    73 ||   155
       Confusing Touch   |       |       |       |       |     6 |    18 |       ||    24
       Venom Bolt        |       |       |       |       |       |    20 |    41 ||    61
       Iron Shot         |       |       |       |       |       |       |     9 ||     9
Invok: Call Merchant     |       |       |       |       |     3 |     1 |     2 ||     6
       Potion Petition   |       |       |       |       |       |     1 |       ||     1
 Abil: Word of Chaos     |       |       |       |       |     1 |       |       ||     1
Evoke: Wand              |       |       |       |       |     5 |     9 |     1 ||    15
       Removed sack of s |       |       |       |       |       |     1 |       ||     1
  Use: Scroll            |       |       |    19 |    10 |    15 |    12 |     4 ||    60
       Potion            |       |       |       |     4 |       |       |     3 ||     7
 Stab: Sleeping          |     1 |       |       |     5 |     7 |       |       ||    13
       Distracted        |       |       |     1 |     1 |     9 |     9 |     3 ||    23
       Confused          |       |       |       |     1 |    10 |     7 |       ||    18
       Petrified         |       |       |       |       |    78 |   368 |       ||   446
       Petrifying        |       |       |       |       |     3 |    35 |       ||    38
       Paralysed         |       |       |       |       |       |     5 |       ||     5
  Eat: Removed food      |     1 |     7 |     2 |       |       |       |       ||    10
       Removed food      |       |       |     3 |    11 |    23 |    21 |     6 ||    64
Armor: Robe              |    14 |    11 |    11 |       |       |       |       ||    36
       Leather armour    |       |       |    41 |   240 |   680 |       |       ||   961
       Ring mail         |       |       |       |       |   205 |  1300 |   419 ||  1924
       Chain mail        |       |       |       |       |       |   151 |       ||   151
Dodge: Dodged            |    29 |    28 |    60 |   318 |  1063 |  1417 |   441 ||  3356
       Repelled          |       |       |       |       |    18 |    43 |     1 ||    62
Block: Kite shield       |       |       |       |    56 |  1516 |  1719 |   500 ||  3791
       Rpst.: Scimitar   |       |       |       |       |       |    21 |       ||    21
       Falchion          |       |       |       |       |       |    14 |       ||    14
       Long sword        |       |       |       |       |       |       |     1 ||     1

Table legend: (Time is in decaauts)
 A = Elapsed time spent in this place.
 B = Non-inter-level travel time spent in this place.
 C = Inter-level travel time spent in this place.
 D = Time resting spent in this place.
 E = Time spent auto-exploring this place.
 F = Levels seen in this place.
 G = Mean time per level.
                   A        B        C        D        E       F      G
               +--------+--------+--------+--------+--------+-----+--------+
         Total |  60533 |  57139 |   3394 |  21251 |  17834 |  35 | 1729.5 |
       Dungeon |  20647 |  19494 |   1153 |   6136 |   7488 |  15 | 1376.5 |
        Temple |     21 |     12 |      9 |      0 |      0 |   1 |   21.0 |
          Lair |  12596 |  11585 |   1011 |   4152 |   3867 |   6 | 2099.3 |
         Swamp |  11141 |  10293 |    848 |   4878 |   1695 |   4 | 2785.2 |
   Spider Nest |   8640 |   8477 |    163 |   2322 |   3620 |   4 | 2160.0 |
  Orcish Mines |   4832 |   4624 |    208 |   2347 |    798 |   2 | 2416.0 |
        Vaults |    617 |    617 |      0 |    242 |    164 |   1 |  617.0 |
       Ossuary |    399 |    399 |      0 |    161 |     32 |   1 |  399.0 |
      Ice Cave |   1636 |   1636 |      0 |   1012 |    170 |   1 | 1636.0 |
               +--------+--------+--------+--------+--------+-----+--------+

Top non-repeatable levels by time:
Vaults:1: 137 daAuts
Note: time per level data comes from an upgraded game and may be incomplete.
